 Dungeon Crawl Stone Soup version 0.25.1-2-g60ff931df9 (webtiles) character file.

Game seed: 11028184608965366533

3179 Curus the Cleaver (level 9, 0/83 HPs)
             Began as a Hill Orc Monk on Sept 2, 2020.
             Was an Elder of Okawaru.
             Succumbed to Erica's bolt of poison
             ... on level 8 of the Dungeon.
             The game lasted 00:29:13 (9250 turns).

Curus the Cleaver (Hill Orc Monk)                   Turns: 9250, Time: 00:29:14

Health: 0/83       AC: 13    Str: 15    XL:     9   Next: 95%
Magic:  7/8        EV:  8    Int: 12    God:    Okawaru [****..]
Gold:   293        SH:  0    Dex: 15    Spells: 8/8 levels left

rFire    . . .     SeeInvis .   t - +0 war axe
rCold    . . .     Gourm    .   (no shield)
rNeg     . . .     Faith    .   n - +1 chain mail
rPois    +         Spirit   .   (helmet restricted)
rElec    .         Reflect  .   s - +0 cloak
rCorr    .         Harm     .   (no gloves)
MR       +....                  (no boots)
Stlth    ..........             (no amulet)
HPRegen  0.23/turn              g - ring of protection from magic
MPRegen  0.11/turn              l - ring of poison resistance

@: mighty, lethally poisoned (0 -> -3), slowed, very slow
A: antennae 1, rugged brown scales 1, clever 1, low mp 1, wild magic 1,
evolution 1, MP-powered wands
a: Heroism, Renounce Religion


You were on level 8 of the Dungeon.
You worshipped Okawaru.
Okawaru was greatly pleased with you.
You were not hungry.

You visited 2 branches of the dungeon, and saw 9 of its levels.

You collected 390 gold pieces.
You spent 97 gold pieces at shops.

Inventory:

Hand Weapons
 a - a +0 hand axe
 d - a +3 vorpal hand axe
 t - a +0 war axe (weapon)
Armour
 b - a +0 robe
 i - a +0 leather armour
 k - a +5 scale mail of fire resistance
 n - a +1 chain mail (worn)
 s - a +0 cloak (worn)
Jewellery
 g - a ring of protection from magic (left hand)
 l - a ring of poison resistance (right hand)
 m - an uncursed ring of resist corrosion
Wands
 h - a wand of flame (2)
 o - a wand of polymorph (13)
 p - a wand of iceblast (6)
Scrolls
 f - 3 scrolls of identify
 j - 5 scrolls of remove curse
 u - a scroll of amnesia
Potions
 e - a potion of degeneration
 q - a potion of mutation
 v - a potion of magic
Comestibles
 c - 7 rations


   Skills:
 + Level 7.9 Fighting
 - Level 14.0 Axes
 + Level 6.2 Armour
 - Level 2.4 Dodging
 - Level 1.5 Stealth


You had 8 spell levels left.
You didn't know any spells.
Your spell library contained the following spells:

 Spells                   Type           Power        Failure   Level  Hunger
 Beastly Appendage        Tmut           #.....       99%         1    ##.....
 Sting                    Tmut/Pois      #...         99%         1    ##.....
 Poisonous Vapours        Pois/Air       #.....       100%        2    ###....
 Sticks to Snakes         Tmut           #.......     100%        2    ###....
 Ignite Poison            Fire/Tmut/Pois #.......     100%        3    ####...
 Mephitic Cloud           Conj/Pois/Air  #.......     100%        3    ####...
 Spider Form              Tmut/Pois      #.........   100%        3    ####...
 Ice Form                 Ice/Tmut       #.......     100%        4    #####..
 Olgreb's Toxic Radiance  Pois           #.......     100%        4    #####..
 Blade Hands              Tmut           #.........   100%        5    ######.


Dungeon Overview and Level Annotations

Branches:
Dungeon (8/15)             Temple (1/1) D:4
   Lair: D:8-11

Altars:
Ashenzari
Cheibriados
Fedhas
Gozag
Hepliaklqana
Kikubaaqudgha
Makhleb
Nemelex Xobeh
Okawaru
Qazlal
Ru
Sif Muna
Trog
Uskayaw
Vehumet
Wu Jian
Xom
Yredelemnul
Zin

Shops:
D:4 *

Annotations:
D:8 2 runed translucent doors


Innate Abilities, Weirdness & Mutations

You have a pair of small antennae on your head.
You are partially covered in rugged brown scales. (AC +1, +3% HP)
Your mind is acute. (Int +2)
Your magical capacity is low. (-10% MP)
Your spells are a little harder to cast, but a little more powerful.
You evolve.
You expend magic power (3 MP) to strengthen your wands.


Message History

Something burns you.
* * * LOW HITPOINT WARNING * * *
You slice something!! Okawaru is honoured by your kill.
Reactivating autopickup.
Your base Fighting skill increases to level 7!
Your base Armour skill gained 2 levels and is now at level 6!
You feel a bit more experienced.
* * * LOW HITPOINT WARNING * * *
You feel sick.
You feel like a meek peon again.
* * * LOW HITPOINT WARNING * * *
You feel sick.
Things that are here:
a +0 scimitar of flaming; a +2 robe of magic resistance
* * * LOW HITPOINT WARNING * * *
You feel sick.
You see here 16 gold pieces.
You now have 293 gold pieces (gained 16).
You die...

#..##..#..##.##...#.#...#..#
#.#....#..##.##..#...#..#..##
##########..############....#
#### ##########.#.#
...........#.##
#..#########..# #.# ##.# #.#
#..# #@# #|## ##)# #.# #..#
#.## #.#######.## #..#
#.........# ##.# ########.##
#..# #..## #.## ##..## ##.#
##..########..#


There were no monsters in sight!

Vanquished Creatures
  Erica (D:8)
  Grinder (D:5)
  Sigmund (D:3)
  Menkaure (D:5)
  2 orc warriors
  A necrophage (D:5)
  2 ogres
  5 centaurs
  2 bullfrogs
  2 scorpions
  A howler monkey (D:5)
  2 crimson imps (D:5)
  A quasit (D:6)
  4 hounds
  A centaur skeleton (D:8)
  2 orc priests
  7 orc wizards
  Terence (D:3)
  8 worker ants
  A hound skeleton (D:6)
  Robin (D:3)
  4 gnolls
  A worker ant zombie (D:4)
  5 adders
  A shadow imp (D:5)
  3 oozes
  An adder zombie (D:5)
  2 adder skeletons
  2 worms (D:5)
  A dart slug (D:1)
  5 leopard geckos
  17 orcs
  4 giant cockroaches
  12 goblins
  10 hobgoblins
  3 jackals (D:5)
  5 kobolds
  3 quokkas
  A ball python (D:4)
  2 bats (D:1)
  5 frilled lizards
  2 rats (D:3)
136 creatures vanquished.

Notes
Turn   | Place    | Note
-------+----------+-------------------------------------------
     0 | D:1      | Curus the Hill Orc Monk began the quest for the Orb.
     0 | D:1      | Reached XP level 1. HP: 19/19 MP: 1/1
    76 | D:1      | Reached XP level 2. HP: 26/26 MP: 2/2
   309 | D:1      | Reached skill level 5 in Axes
  1292 | D:2      | Reached XP level 3. HP: 28/31 MP: 3/3
  1892 | D:3      | Reached skill level 6 in Axes
  2062 | D:3      | Noticed Terence
  2075 | D:3      | Killed Terence
  2075 | D:3      | Reached XP level 4. HP: 31/39 MP: 4/4
  2259 | D:3      | Noticed Robin
  2269 | D:3      | Noticed Sigmund
  2271 | D:3      | Killed Robin
  2271 | D:3      | Reached skill level 7 in Axes
  2641 | D:3      | Reached XP level 5. HP: 39/45 MP: 5/5
  2662 | D:3      | Gained mutation: You are partially covered in rugged brown
                  | scales. (AC +1, +3% HP) [potion of mutation]
  2662 | D:3      | Gained mutation: You have a pair of small antennae on your
                  | head. [potion of mutation]
  2662 | D:3      | Gained mutation: Your magical capacity is low. (-10% MP)
                  | [potion of mutation]
  2662 | D:3      | Gained mutation: You evolve. [potion of mutation]
  2712 | D:3      | Killed Sigmund
  2712 | D:3      | Reached skill level 9 in Axes
  2712 | D:3      | Reached XP level 6. HP: 11/52 MP: 5/5
  3558 | D:4      | Found a basalt altar of Yredelemnul.
  3580 | D:4      | Gained mutation: Your spells are a little harder to cast,
                  | but a little more powerful. [evolution]
  3997 | D:4      | Found Daulaisi's General Store.
  4004 | D:4      | Reached skill level 10 in Axes
  4004 | D:4      | Reached XP level 7. HP: 58/58 MP: 6/6
  4010 | D:4      | Bought a scroll of enchant armour for 97 gold pieces
  4135 | D:4      | Found a staircase to the Ecumenical Temple.
  4150 | Temple   | Entered the Ecumenical Temple
  4230 | Temple   | Became a worshipper of Warmaster Okawaru
  4230 | Temple   | Reached * piety under Okawaru
  4230 | Temple   | Reached ** piety under Okawaru
  4504 | D:5      | Entered Level 5 of the Dungeon
  4523 | D:5      | Noticed Grinder
  4559 | D:5      | Killed Grinder
  4559 | D:5      | Reached skill level 11 in Axes
  4591 | D:5      | Gained mutation: Your mind is acute. (Int +2) [evolution]
  4833 | D:5      | Noticed Menkaure
  4839 | D:5      | Killed Menkaure
  4839 | D:5      | Reached XP level 8. HP: 46/65 MP: 7/7
  4845 | D:5      | Reached skill level 12 in Axes
  5192 | D:5      | Found a radiant altar of Vehumet.
  5451 | D:5      | Reached *** piety under Okawaru
  5468 | D:5      | Reached skill level 13 in Axes
  7136 | D:6      | Reached skill level 14 in Axes
  7199 | D:6      | Reached skill level 1 in Armour
  7412 | D:6      | Reached XP level 9. HP: 73/73 MP: 8/8
  7521 | D:6      | Found a sparkling altar of Nemelex Xobeh.
  7785 | D:7      | Found a shimmering altar of Xom.
  7872 | D:7      | Reached skill level 5 in Fighting
  7915 | D:7      | HP: 3/76 [poisoned by an orc warrior]
  7921 | D:7      | HP: 3/76 [poisoned by an orc warrior]
  7929 | D:7      | HP: 2/76 [poisoned by an orc warrior]
  8383 | D:7      | Gained mutation: You expend magic power (3 MP) to
                  | strengthen your wands. [evolution]
  9096 | D:8      | Found a runed translucent door.
  9096 | D:8      | Found a runed translucent door.
  9211 | D:8      | Noticed Erica
  9246 | D:8      | HP: 3/80 [something (2)]
  9247 | D:8      | Killed Erica
  9247 | D:8      | Reached **** piety under Okawaru
  9248 | D:8      | HP: 1/83 [poisoned by Erica (bolt of poison)]
  9250 | D:8      | Succumbed to Erica's bolt of poison

Illustrated notes

Levels and vault maps discovered:
D:1:      minmay_arrival_floating_metal, layout_basic, st_stairs_5
D:2:      layout_basic, serial_bayou_crossing
D:3:      layout_basic, uniq_terence, uniq_sigmund, uniq_robin
D:4:      layout_loops_cross, lemuel_coloured_pillars_altar,
          minmay_temple_entry_antechambers, serial_shops, shop, first_ration
D:5:      layout_loops_ring, basic_altar, serial_co_window_serial,
          co_window_paths_a, co_window_paths_a, co_window_of_opportunity_a,
          co_window_of_opportunity_a, co_window_of_opportunity_a,
          co_window_2corner, co_window_of_opportunity_c,
          co_window_of_opportunity_c, co_window_corner_b, co_window_broadway_c,
          co_window_4corner_a, glass_columns_a, glass_columns_b,
          glass_columns_a, glass_columns_b, uniq_menkaure, uniq_grinder
D:6:      layout_loops_cross, nemelex_diamond_rough_becter
D:7:      layout_basic, xom_teletrap_fun
D:8:      minmay_the_grid_triangle_9x9_rhombus_full
          [minmay_the_grid_triangle_9x9_stretched_checkered,
          minmay_the_grid_triangle_9x9_tough_junction,
          minmay_the_grid_triangle_9x9_zippers_vertical,
          minmay_the_grid_triangle_9x9_pentomino_pain,
          minmay_the_grid_triangle_9x9_swiss_cheese,
          minmay_the_grid_triangle_9x9_corruption,
          minmay_the_grid_triangle_9x9_dagger,
          minmay_the_grid_triangle_9x9_prize_schism], layout_basic,
          hellmonk_ghost_happy_afterlife, blue_anna_alchemist
          [blue_anna_fruit_fields, blue_anna_fruit_fields],
          chequers_serial_rivers_micro_c, uniq_erica
Temple:   regret_index_temple_chain_breaker

Skill      XL: |  1  2  3  4  5  6  7  8  9 |
---------------+----------------------------+-----
Axes           | 5 6 7 9 10 11 14 | 14.0
Fighting       | 4 7 |  7.9
Armour         | 1 6 |  6.2
Dodging        | |  2.4
Stealth        | |  1.5

Action                   |  1- 3 |  4- 6 |  7- 9 || total
-------------------------+-------+-------+-------++-------
Melee: Hand axe          |    72 |    97 |   283 ||   452
       War axe           |       |       |   105 ||   105
Invok: Heroism           |       |       |     4 ||     4
  Use: Potion            |     3 |     4 |     3 ||    10
       Scroll            |     4 |     3 |     5 ||    12
 Stab: Sleeping          |     9 |       |       ||     9
  Eat: Chunk             |     4 |     2 |    17 ||    23
       Ration            |       |     1 |       ||     1
Armor: Robe              |     8 |       |       ||     8
       Leather armour    |     3 |       |       ||     3
       Scale mail        |       |    28 |       ||    28
       Chain mail        |       |     7 |   163 ||   170
Dodge: Dodged            |    26 |    40 |    90 ||   156
